[Event "SixDays Budapest GM-A January 2024"]
[Site "Budapest"]
[Date "2024.01.28"]
[Round "3.4"]
[White "Castellanos Rodriguez, Renier"]
[Black "Sedlak, Nikola"]
[Result "1/2-1/2"]
[ECO "C10"]
[WhiteElo "2468"]
[BlackElo "2463"]
[Annotator "TA"]
[PlyCount "96"]
[EventDate "2024.01.26"]
[EventType "tourn"]
[EventCountry "HUN"]
[SourceTitle "playchess.com"]
[Source "ChessBase"]
[SourceQuality "1"]
[TimeControl "5400+30"]

1. e4 e6 2. d4 d5 3. Nc3 dxe4 4. Nxe4 Be7 5. Nf3 Nf6 6. Bd3 Bd7 7. O-O Nxe4 8. Bxe4 Bc6 9. Qe2 O-O 10. c4 Bxe4 11. Qxe4 c6 12. Bf4 Nd7 13. Rfd1 Re8 14. Rd3 Nf6 15. Qe2 b5 16. c5 Nd5 17. Bg3 a5 18. a4 Qc8 ({Black should try} 18... Qd7 $14) 19. axb5 $16 cxb5 20. Rda3 $1 Qa6 21. Rxa5 Qxa5 22. Rxa5 Rxa5 23. h3 Rea8 (23... Bf6 $16 24. Ne5 Rc8) 24. Kh2 $18 h5 25. Bh4 Bxh4 26. Nxh4 Ra4 27. Qxb5 $2 (27. Nf3 $16) 27... Rxd4 $11 28. Qb7 Rf8 29. Nf3 Rb4 30. Qa7 Rxb2 31. c6 Rbb8 32. Nd4 Rfc8 33. Qd7 Rc7 34. Qd6 Rbc8 35. f4 Ne7 36. Qc5 {[%emt 0:05:17][%cal Od4b5] [#] Hoping for Nb5!} Nxc6 37. Nb5 Rd7 {[%emt 0:00:22] Strongly threatening ...Ne7.} 38. Nd6 $1 Rcc7 39. Nb5 (39. Ne8 $1 $11 Rc8 40. Nd6) 39... Rd5 $17 40. Qxd5 exd5 41. Nxc7 {[%emt 0:00:03][%mdl 4096] Endgame. [#] KN-KN} d4 ({Black should play} 41... Nb4 $1 $17 42. Kg3 d4) 42. Kg3 $15 f5 {[%emt 0:05:09] ...Kf7 would now be deadly.} 43. Kf3 Kf7 {[%emt 0:01:07] And now ...h4 would win.} 44. Ke2 Nb4 45. g3 g6 46. Nb5 d3+ 47. Kd2 Ke6 (47... h4 $5 48. gxh4 Nd5 $11) 48. Nd4+ Kf6 {[%emt 0:01:03] Weighted Error Value: White=0.11 (very precise) /Black=0.10 (very precise) .  Mistake:       	White=2     	Black=3      Inaccurate:     	White=1     	Black=2      OK:         	White=17    	Black=13     Best:        	White=5     	Black=3      Strong:       	White=1     	---} (48... Kd5 $5 49. Nf3 $8 Ke4 50. Ng5+ Kd4 $11) 1/2-1/2

[Event "SixDays Budapest GM-A January 2024"]
[Site "Budapest"]
[Date "2024.01.29"]
[Round "4.1"]
[White "Can, Isik"]
[Black "Nagy, Gabor"]
[Result "1/2-1/2"]
[ECO "C68"]
[WhiteElo "2500"]
[BlackElo "2450"]
[Annotator "TA"]
[PlyCount "31"]
[EventDate "2024.01.26"]
[EventType "tourn"]
[EventCountry "HUN"]
[SourceTitle "playchess.com"]
[Source "ChessBase"]
[SourceQuality "1"]
[TimeControl "5400+30"]

1. e4 e5 2. Nf3 Nc6 3. Bb5 a6 4. Bxc6 dxc6 5. O-O Qf6 6. d4 exd4 7. Bg5 Qd6 8. Nxd4 Be7 9. Be3 Nf6 10. f3 c5 11. Ne2 Be6 12. b3 {[%emt 0:16:12] Die Stellung ist ausgeglichen.} O-O-O 13. Qxd6 Bxd6 14. Nd2 Rhe8 15. h3 Nd7 16. f4 {[%emt 0:12:41] Gewichteter Fehlerwert: Weiß=0.05 (makellos) /Schwarz=0.07 (makellos) .  Fehler:       	Weiß=1     	---        Ungenau:       	Weiß=1     	Schwarz=1     OK:         	Weiß=4     	Schwarz=6} (16. Nf4 $11) 1/2-1/2

[Event "SixDays Budapest GM-A January 2024"]
[Site "Budapest"]
[Date "2024.01.29"]
[Round "4.2"]
[White "Sedlak, Nikola"]
[Black "Pribelszky, Bence"]
[Result "1/2-1/2"]
[ECO "A05"]
[WhiteElo "2463"]
[BlackElo "2371"]
[Annotator "TA"]
[PlyCount "119"]
[EventDate "2024.01.26"]
[EventType "tourn"]
[EventCountry "HUN"]
[SourceTitle "playchess.com"]
[Source "ChessBase"]
[SourceQuality "1"]
[TimeControl "5400+30"]

1. Nf3 Nf6 2. g3 b6 3. Bg2 Bb7 4. O-O g6 5. d3 Bg7 6. e4 c5 7. e5 Nd5 {[%emt 0:00:07] A05: Réti Opening: 1 Nf3 Nf6.} 8. Ng5 Bc6 9. d4 cxd4 10. Qxd4 e6 $146 ({Predecessor:} 10... Nc7 11. Re1 Bxg2 12. Kxg2 Nc6 13. Qc4 O-O 14. Qh4 h6 15. Nf3 Kh7 16. Ng5+ Kg8 {0-1 Grimm,S (2372)-Morawietz,D (2374) Oberliga NRW 0203 I 2002 (4.2)}) 11. Nf3 Ne7 12. Nbd2 O-O 13. Ne4 Nf5 14. Qd3 Bxe4 15. Qxe4 Nc6 16. Bf4 f6 17. Rad1 fxe5 18. Nxe5 Nxe5 19. Bxe5 d5 20. Qe2 Rc8 21. Rfe1 Bxe5 22. Qxe5 Ng7 23. c3 Qf6 24. f4 Qxe5 25. Rxe5 Kf7 26. Bf1 Rfd8 27. Bd3 Ne8 28. Kf2 Nf6 29. h3 Rd6 30. Re2 a5 31. g4 Nd7 32. h4 Rf8 33. Kg3 Kg7 34. Bc2 Nc5 35. h5 gxh5 36. Rh2 hxg4 37. Rxh7+ Kf6 38. f5 (38. Kxg4 $11 Rg8+ 39. Kf3) 38... exf5 $15 39. c4 ({White must play} 39. Rh6+ $1 $15 Ke5 40. Rxd6 Kxd6 41. c4) 39... Rfd8 40. Rh5 dxc4 ({Worse is} 40... Ne4+ 41. Kf4 $14) 41. Rxf5+ (41. Rxd6+ Rxd6 42. Rxf5+ Ke6 $19) 41... Ke7 42. Rdf1 (42. Rh1 $17) 42... Nd3 43. Rb5 $2 (43. b3) 43... Re6 $19 44. Bd1 Re3+ 45. Kg2 Ne5 46. Kf2 Rdd3 47. Rxb6 g3+ 48. Kg1 Rd2 49. Bh5 g2 50. Rf2 Rxf2 51. Kxf2 Rg3 52. Kg1 Rg5 53. Rh6 Rg3 $2 ({Better is} 53... Nd3 $19 {[%cal Od3f4] White must now prevent ...Nf4!} 54. Bf3 Nxb2) 54. Be2 $2 (54. Rb6 $1 $11 {and White has nothing to worry.} Nd3 55. Rg6) 54... Nd3 (54... a4 $142 {Hoping for ...Re3.} 55. a3 Re3 56. Rh7+ Kd6) 55. Rh4 $19 Re3 $2 ({Inferior is} 55... Nxb2 56. Bxc4 Rg5 (56... Nxc4 57. Rxc4 Kd6 58. Rc2 $11) 57. Be2 $11) (55... Nf2 $19 {aiming for ...Nh3+.} 56. Bxc4 Nh3+ 57. Rxh3 Rxh3 58. Kxg2 Rh4) 56. Bxd3 $11 cxd3 57. Kxg2 Re2+ 58. Kf3 Rxb2 59. Ke3 Rxa2 60. Kxd3 1/2-1/2

[Event "SixDays Budapest GM-A January 2024"]
[Site "Budapest"]
[Date "2024.01.29"]
[Round "4.3"]
[White "Pham Tran Gia Phuc"]
[Black "Castellanos Rodriguez, Renier"]
[Result "1/2-1/2"]
[ECO "D53"]
[WhiteElo "2416"]
[BlackElo "2468"]
[Annotator "TA"]
[PlyCount "39"]
[EventDate "2024.01.26"]
[EventType "tourn"]
[EventCountry "HUN"]
[SourceTitle "playchess.com"]
[Source "ChessBase"]
[SourceQuality "1"]
[TimeControl "5400+30"]

1. d4 Nf6 2. c4 e6 3. Nc3 d5 4. Bg5 Be7 5. Nf3 Nbd7 6. e3 h6 7. Bh4 O-O 8. cxd5 exd5 9. Bd3 c6 10. O-O Ne4 11. Bxe7 Qxe7 12. Qc2 Re8 13. b4 Ndf6 14. Rab1 {[%emt 0:03:31] The position is equal.} Bf5 15. Ne5 Nxc3 16. Qxc3 Bxd3 17. Nxd3 Ne4 18. Qc2 Nd6 19. a4 a6 20. Nf4 {[%emt 0:03:00] Not much happened in this game.   Weighted Error Value: White=0.08 (flawless) /Black=0.03 (flawless) .  OK:         	White=2     	Black=3} 1/2-1/2

[Event "SixDays Budapest GM-A January 2024"]
[Site "Budapest"]
[Date "2024.01.29"]
[Round "4.4"]
[White "Durak, Can"]
[Black "Karamsetty, Jeevan"]
[Result "1-0"]
[ECO "A40"]
[WhiteElo "2349"]
[BlackElo "2211"]
[Annotator "TA"]
[PlyCount "105"]
[EventDate "2024.01.26"]
[EventType "tourn"]
[EventCountry "HUN"]
[SourceTitle "playchess.com"]
[Source "ChessBase"]
[SourceQuality "1"]
[TimeControl "5400+30"]

1. d4 g6 2. c4 Bg7 3. e4 d6 4. Nc3 c5 5. d5 e6 6. Nf3 Ne7 7. Be2 O-O {[%emt 0:00:08] A43: Schmid Benoni.} 8. h3 a6 9. a4 h6 10. O-O g5 $146 ({Predecessor:} 10... exd5 11. cxd5 g5 12. Re1 Ng6 13. Nd2 Nd7 14. a5 Nde5 15. Bf1 f5 16. exf5 Bxf5 {0-1 Garcia De Dios,J (2229)-Kuzmicz,K (2466) Titled Tuesday intern op 01st Aug Late blitz 2023 (3)}) 11. Re1 Ng6 12. Nh2 Qe7 13. Nf1 Nd7 14. Ng3 Nf6 15. Be3 b6 16. a5 bxa5 17. Rxa5 Rb8 18. Ra2 Ne8 19. Nh5 Be5 20. Qd2 Ng7 21. f4 Nxh5 $2 (21... Bd4 $11 {and Black has nothing to worry.}) 22. fxe5 $18 Nhf4 23. exd6 Qxd6 24. Bf1 $1 Bd7 25. e5 Qxe5 26. Bxc5 (26. Rxa6 g4 27. Ra7 (27. Bxc5 Rxb2 28. Qxb2 Qxe1 $18) (27. hxg4 exd5 28. cxd5 Rb3 $18) 27... Bc8 28. Bxc5 Rxb2 29. Rxe5 (29. Qxb2 Qxe1 30. Ra1 Qe5 $18) 29... Rxd2 $18) 26... Qc7 27. Bxf8 Rxf8 28. Qf2 Ne5 29. Ne4 (29. Rxa6 Nfd3 30. Bxd3 Nxd3 $18) (29. Qd4 Nxh3+ 30. Kh1 Nf2+ 31. Kg1 (31. Qxf2 $2 Ng4 $19) 31... Nh3+ 32. Kh1 Nf2+ 33. Kg1 (33. Qxf2 $2 Ng4 $19) 33... Nh3+ $11) 29... f5 30. Nc5 Bc8 31. b4 (31. Nxa6 Qd6 32. Qe3 (32. Qc5 Nf3+ 33. gxf3 Nxh3+ 34. Kg2 Qf4 $18) 32... Nfg6 $18) 31... exd5 32. cxd5 (32. Nxa6 Qg7 33. Nc5 dxc4 $18) 32... Re8 33. Ne6 (33. Nxa6 Qd6 34. Kh1 Nxd5) 33... Bxe6 34. dxe6 Ned3 $2 {[%emt 0:01:15] [#]} (34... Qg7 35. Rea1 (35. Bxa6 Nfd3 $18) 35... Qe7 36. Rxa6 Qxb4) 35. Bxd3 $1 $18 Nxd3 36. Qxf5 (36. Rc2 Qh7 37. Qf1 Nxe1 38. Qxe1 Qa7+ 39. Kh1 Qb6 $14) 36... Qa7+ 37. Kh1 Nxe1 38. Qg6+ Kf8 39. Qf6+ (39. Qxh6+ Qg7 40. e7+ Rxe7 (40... Kxe7 41. Qxg7+ Ke6 42. Qxg5 Kd7 43. Rxa6 Nd3 44. Qd5+ Ke7 45. Re6+ Kf8 46. Qf5+ Kg8 47. Qg6+ Kh8 48. Rxe8#) 41. Qxa6 (41. Qxg7+ Kxg7 42. Rxa6 Re4 $17) 41... Kg8 $11) (39. Ra5 $142 Ke7 40. Qf7+ (40. Qxh6 Qa8 $18) 40... Kd6 41. Qxa7 Kxe6 42. Qb6+ (42. Qxa6+ Ke7 43. Qc6 Kf7 44. Rf5+ Ke7 45. Rf6 Rh8 46. Qe6+ Kd8 47. Rf7 h5 48. Qd7#) (42. Rxa6+ Kd5 43. Qc5+ Ke4 44. Rd6 Nc2 45. Qxc2+ Ke5 46. Qc5+ Kf4 47. Qf2+ Ke5 48. Qd4+ Kf5 49. g4#) 42... Kf7 43. Rxa6 (43. Qxa6 Kg7 44. Qa7+ Kg6 45. Qd7 Rf8 46. Ra6+ Rf6 47. Qe8+ Kg7 48. Ra7+ Rf7 49. Qxf7+ Kh8 50. Qh7#) 43... h5 44. Qg6+ Kf8 45. Qh6+ (45. Qxh5 Re3 46. Qh8+ Kf7 47. Qf6+ Ke8 48. Ra7 Rxh3+ 49. gxh3 Nd3 50. Qh8#) (45. Rf6+ Ke7 46. Rf7+ Kd8 47. Qd6+ Kc8 48. Qc7#) (45. Ra7 Re7 46. Ra8+ Re8 47. Rxe8#) 45... Kg8 46. Rg6+ Kf7 47. Qg7#) 39... Kg8 $18 {[%emt 0:00:07] [#]} 40. Rf2 $1 (40. Qxh6 Qg7 41. Qxg7+ Kxg7 42. Rxa6 Nd3 $15) 40... Qxf2 41. Qxf2 Rxe6 42. Qf5 Rd6 43. Qe5 Rd1 44. Kh2 Kh7 45. Qc7+ (45. Qe4+ $142 Kg7 46. Qb7+ Kh8 47. Qxa6 Nf3+ 48. gxf3 Rd2+ 49. Kg3) 45... Kg6 $18 46. Qc6+ Kh7 47. Qb7+ Kg8 48. Qxa6 Kh7 49. Qb7+ Kg8 50. Qc6 (50. Qe4 $142 Nxg2 51. Qg6+ (51. Kxg2 Rd2+ 52. Kg3 Kf8 $18) (51. Qxg2 Rd6 $18) 51... Kh8 52. Qxh6+ (52. Kxg2 Re1 $18) 52... Kg8 53. Qxg5+ (53. Kxg2 Rd2+ 54. Kf3 Kf7 $18) 53... Kf8 54. Qxg2 (54. Kxg2 Re1 $18) 54... Rd7 55. h4) 50... Kh7 51. Qe4+ Kg7 52. b5 Nd3 53. Qe2 1-0

[Event "SixDays Budapest GM-A January 2024"]
[Site "Budapest"]
[Date "2024.01.29"]
[Round "4.5"]
[White "Barrish, Daniel"]
[Black "Berczes, David"]
[Result "1-0"]
[ECO "E32"]
[WhiteElo "2347"]
[BlackElo "2439"]
[Annotator "TA"]
[PlyCount "67"]
[EventDate "2024.01.26"]
[EventType "tourn"]
[EventCountry "HUN"]
[SourceTitle "playchess.com"]
[Source "ChessBase"]
[SourceQuality "1"]
[TimeControl "5400+30"]

1. d4 Nf6 2. c4 e6 3. Nc3 Bb4 4. Qc2 d6 5. e3 O-O 6. Bd3 c5 7. Nf3 Nc6 8. O-O Bxc3 9. Qxc3 e5 {[%emt 0:00:28] [#] Hoping for ...e4.} 10. d5 Ne7 {[%emt 0:01:11] And now ...e4 would win.} 11. Nd2 b5 {[%emt 0:19:18] White is slightly better.} 12. b3 Bb7 13. Qc2 {[%emt 0:04:08] White is more active.} (13. cxb5 $6 Nexd5 14. Qb2 a6 $11) 13... Ng6 14. Bb2 (14. cxb5 Nxd5 15. a3 Nh4 $14) 14... Qe7 15. Rae1 ({Reject} 15. cxb5 Nxd5 16. a3 a6 $11) 15... Rfe8 16. Qb1 ({Resist} 16. cxb5 Nxd5 17. a3 Nb6 $14) 16... bxc4 17. bxc4 Rab8 18. f4 Ba6 19. Bxg6 hxg6 20. fxe5 dxe5 21. Qc2 (21. e4 $16) 21... Nd7 22. e4 Nb6 23. Ba3 Rbc8 24. Rc1 Qd7 25. Rf3 Qg4 26. Qc3 {[%emt 0:03:53] [#] Strongly threatening Qa5.} Qg5 $2 {[%emt 0:03:00] This move loses the game for Black.} (26... Qd7 $16 27. Rg3 Qa4) 27. Qa5 $18 Bb7 28. Qxa7 ({Weaker is} 28. Bxc5 Rxc5 29. Qxc5 Qxd2 $16) 28... Re7 29. Rc2 (29. Rd3 $142 Bxd5 30. Qxb6) 29... Bxd5 $2 (29... Nxc4 {was called for.} 30. Nxc4 Bxd5) 30. Qxb6 Rb7 31. Qa6 Bxe4 (31... Bc6 32. Bxc5 Qd8) 32. Nxe4 {[%emt 0:01:21] White is clearly winning.} Rb1+ 33. Rf1 Qe3+ 34. Nf2 {[%emt 0:00:48] Weighted Error Value: White=0.17 (very precise) /Black=0.34.  Loses game:     	---       	Black=1      Mistake:       	White=2     	Black=2      Inaccurate:     	White=1     	Black=5      OK:         	White=13    	Black=8      Best:        	White=1     	---} 1-0

[Event "SixDays Budapest GM-A January 2024"]
[Site "Budapest"]
[Date "2024.01.29"]
[Round "5.1"]
[White "Berczes, David"]
[Black "Can, Isik"]
[Result "1/2-1/2"]
[ECO "A46"]
[WhiteElo "2439"]
[BlackElo "2500"]
[Annotator "TA"]
[PlyCount "103"]
[EventDate "2024.01.26"]
[EventType "tourn"]
[EventCountry "HUN"]
[SourceTitle "playchess.com"]
[Source "ChessBase"]
[SourceQuality "1"]
[TimeControl "5400+30"]

1. d4 Nf6 2. Nf3 e6 3. e3 b6 4. Bd3 Bb7 5. O-O c5 6. Nbd2 d5 7. b3 cxd4 8. exd4 Bd6 9. Bb2 Nc6 10. a3 O-O 11. Ne5 Ne7 12. Qe2 Rc8 13. f4 Ne8 14. Rae1 g6 15. Ndf3 Ng7 16. Ng4 {[%emt 0:02:30] Strongly threatening Nh6+.} f6 17. Nh6+ Kh8 {[%emt 0:00:03] [#]} 18. Ne5 $1 Qe8 {[%emt 0:03:10][%cal Oe7f5] Against Nef7+} (18... fxe5 19. fxe5) 19. Bb5 Nc6 20. c4 a6 (20... fxe5 $11 21. fxe5 Bb8) 21. cxd5 $1 $14 axb5 22. dxc6 Bxc6 23. Nxc6 Qxc6 {[%emt 0:00:02] [#]} 24. d5 Qxd5 25. Rd1 Qc6 26. Rc1 Qd7 27. Rcd1 {[%emt 0:00:06][%mdl 1024] White has compensation.} Qe7 28. b4 Nf5 29. Ng4 Kg8 30. Rfe1 Rce8 (30... Bxf4 $11 31. g3 Bg5) 31. Qxb5 $16 {[%emt 0:00:19] Black must now prevent Bxf6.} Rd8 32. Qc4 {[%emt 0:00:28] White is much more active.} (32. Qxb6 $16 {g3 is the strong threat.} h5 33. Nf2) 32... b5 33. Qc3 Qa7+ (33... Kg7 $11) 34. Kh1 Be7 35. Rxd8 Bxd8 36. Qb3 Kg7 37. Qxe6 {[%emt 0:00:20] Hoping for Rd1.} Qf7 (37... Rf7 $14 {is more appropriate.}) 38. Qxf7+ (38. Qc6 $16) 38... Kxf7 $11 39. Nf2 Bb6 (39... Nd6 $11) 40. Ne4 $16 Re8 (40... h5 $16 {was called for.}) 41. g4 $1 $18 Re6 {[#]} 42. gxf5 (42. Bxf6 $1 $16 {And now Ng5+ would win.} Rxe4 43. Rxe4) 42... gxf5 $11 43. Ng5+ fxg5 44. Rxe6 Kxe6 45. fxg5 $15 {[%emt 0:00:06][%mdl 4096] Endgame. KB-KB} Kf7 46. Kg2 Kg6 47. Bc1 Bc7 48. h3 {[%emt 0:00:33] [#]} (48. h4 $1 $11) 48... Be5 (48... Kh5 $1 $17) 49. Kf3 {[%emt 0:00:09] The position is equal.} Kh5 50. Bf4 $1 Bb2 51. Bd2 Be5 52. Bf4 $1 {[%emt 0:00:39] Weighted Error Value: White=0.19 (very precise) /Black=0.25 (precise) .  Mistake:       	White=5     	Black=7      Inaccurate:     	White=4     	Black=3      OK:         	White=14    	Black=13     Best:        	White=2     	Black=3      Strong:       	White=4     	---} 1/2-1/2

[Event "SixDays Budapest GM-A January 2024"]
[Site "Budapest"]
[Date "2024.01.29"]
[Round "5.2"]
[White "Karamsetty, Jeevan"]
[Black "Barrish, Daniel"]
[Result "1-0"]
[ECO "B40"]
[WhiteElo "2211"]
[BlackElo "2347"]
[Annotator "TA"]
[PlyCount "79"]
[EventDate "2024.01.26"]
[EventType "tourn"]
[EventCountry "HUN"]
[SourceTitle "playchess.com"]
[Source "ChessBase"]
[SourceQuality "1"]
[TimeControl "5400+30"]

1. e4 c5 2. Nf3 e6 3. d3 Nc6 4. g3 d5 5. Nbd2 Bd6 6. Bg2 Nge7 7. O-O O-O 8. Re1 Qc7 9. Qe2 f6 10. c3 d4 11. Nc4 e5 12. Bd2 Be6 {[%emt 0:03:27] Black is slightly better.} 13. cxd4 cxd4 14. Rec1 b5 15. Nxd6 Qxd6 16. Nh4 Rac8 17. a3 Rc7 18. f4 Rfc8 19. Bf3 Qd7 20. b4 Nd8 21. Qd1 Nb7 22. Rxc7 Rxc7 23. Rc1 g6 24. fxe5 fxe5 25. Bg4 Rxc1 (25... Bxg4 $5 26. Rxc7 Qxc7 27. Qxg4 Nd8 $14) 26. Bxe6+ Qxe6 27. Qxc1 Qc6 28. Qd1 Qe6 29. Nf3 {[%emt 0:04:08] Black must now prevent Qc2.} Nc6 (29... Nd8 $14) 30. Qc2 $16 Kg7 31. Qc1 Kg8 32. Bh6 Nbd8 (32... Qe8 $16 33. Ng5 a6) 33. Qc5 $18 Qf6 {[%emt 0:00:42] Repels Qf8+} (33... Qe8 {keeps fighting.} 34. Qxb5 Nf7) 34. Kg2 (34. Ng5 a6 35. Kg2 (35. Qd5+ Nf7 $18) 35... Qe7 36. Qd5+ Kh8) 34... a6 35. Bg5 Qe6 36. Bxd8 Nxd8 37. Nxe5 (37. Qxe5 Qa2+ 38. Kf1 Nf7 39. Qxd4 Qxa3 $18) 37... Qa2+ 38. Kf3 {[%emt 0:00:10] Active counter play!} Qxh2 (38... Qe6 $18 39. Qd5 (39. Qxd4 Nf7 $18) 39... Kg7 40. Qxe6 Nxe6) 39. Qd5+ (39. Qxd4 Ne6 40. Qd5 Qh1+ 41. Kf2 Qh2+ 42. Kf3 Qh5+ 43. Ke3 Qh6+ 44. Ke2 Qh2+ 45. Kd1 Qg1+ 46. Kc2 Qf2+ 47. Kb3 Qf6 $18) 39... Kg7 40. Qd7+ {[%emt 0:00:07] Weighted Error Value: White=0.06 (flawless) /Black=0.52.  Mistake:       	---       	Black=4      Inaccurate:     	White=4     	Black=5      OK:         	White=14    	Black=5      Best:        	White=6     	---} ({Inferior is} 40. Qxd8 Qh1+ 41. Ke2 Qg2+ 42. Kd1 Qf1+ 43. Kd2 (43. Kc2 Qe2+ 44. Kc1 Qe1+ 45. Kc2 Qc3+ 46. Kd1 Qb3+ 47. Ke2 Qc2+ 48. Ke1 Qc1+ 49. Ke2 Qc2+ 50. Kf1 Qd1+ 51. Kg2 Qe2+ 52. Kh3 Qf1+ 53. Kh2 Qf2+ 54. Kh3 Qf1+ 55. Kh2 Qe2+ 56. Kg1 Qe1+ 57. Kh2 Qf2+ 58. Kh3 Qf1+ $11) 43... Qf2+ 44. Kc1 Qe1+ 45. Kb2 Qd2+ 46. Kb1 Qe1+ 47. Kc2 Qe2+ 48. Kc1 Qe1+ 49. Kc2 Qe2+ 50. Kc1 Qe1+ $11) 1-0

[Event "SixDays Budapest GM-A January 2024"]
[Site "Budapest"]
[Date "2024.01.29"]
[Round "5.3"]
[White "Castellanos Rodriguez, Renier"]
[Black "Durak, Can"]
[Result "1/2-1/2"]
[ECO "C44"]
[WhiteElo "2468"]
[BlackElo "2349"]
[Annotator "TA"]
[PlyCount "38"]
[EventDate "2024.01.26"]
[EventType "tourn"]
[EventCountry "HUN"]
[SourceTitle "playchess.com"]
[Source "ChessBase"]
[SourceQuality "1"]
[TimeControl "5400+30"]

1. e4 e5 2. Nf3 Nf6 3. d3 Nc6 4. Be2 d5 5. Nbd2 Be7 6. O-O O-O 7. c3 a5 8. Qc2 Re8 9. b3 Bf8 10. a3 Bg4 11. Rb1 Nb8 12. b4 axb4 13. axb4 c6 14. h3 Bc8 15. Re1 Nbd7 16. Bf1 Qc7 17. Nb3 b6 18. Bg5 Bb7 19. Nbd2 h6 {[%emt 0:05:25] A rather calm draw.   Weighted Error Value: White=0.06 (flawless) /Black=0.08 (flawless) .  Inaccurate:     	---       	Black=1      OK:         	White=4     	Black=3} 1/2-1/2

[Event "SixDays Budapest GM-A January 2024"]
[Site "Budapest"]
[Date "2024.01.29"]
[Round "5.4"]
[White "Pribelszky, Bence"]
[Black "Pham Tran Gia Phuc"]
[Result "0-1"]
[ECO "A06"]
[WhiteElo "2371"]
[BlackElo "2416"]
[Annotator "TA"]
[PlyCount "104"]
[EventDate "2024.01.26"]
[EventType "tourn"]
[EventCountry "HUN"]
[SourceTitle "playchess.com"]
[Source "ChessBase"]
[SourceQuality "1"]
[TimeControl "5400+30"]

1. Nf3 d5 2. g3 Nc6 3. d4 Bf5 4. Bg2 Nb4 5. Na3 e6 6. O-O Be7 7. Bd2 {[%emt 0:07:57] D02: 1 d4 d5 2 Nf3 sidelines, including 2...Nf6 3 g3 and 2...Nf6 3 Bf4.} Nc6 8. Nb5 $146 ({Predecessor:} 8. c4 Nf6 9. Qb3 Rb8 10. Rfd1 O-O 11. Rac1 Ne4 12. Be1 Bg4 13. Nc2 Bf6 14. Ne3 Bxf3 15. exf3 dxc4 16. Nxc4 Nd6 17. Nxd6 Qxd6 18. Qc4 Rfd8 19. f4 {½-½ Halkias,S (2330)-Kapnisis,S (2120) GRE-ch U16 14th 1996 (5)}) 8... a6 9. Nc3 Nf6 10. Bf4 Ne4 11. Nxe4 Bxe4 12. Ne5 Nxe5 13. Bxe5 Bxg2 14. Kxg2 f6 15. Bf4 g5 16. Be3 Qd7 17. Qd3 O-O-O 18. c4 h5 19. f3 f5 20. Rac1 h4 21. g4 (21. c5 $17) 21... h3+ 22. Kh1 {[%emt 0:00:38] [#]} fxg4 (22... dxc4 $142 $1 23. Qxc4 fxg4 24. fxg4 Rh4) 23. fxg4 (23. c5 $142) 23... dxc4 $17 24. Qxc4 Rdf8 25. Bf2 Bd6 26. Bg3 Kb8 27. Rf3 Rxf3 28. exf3 Qf7 29. Qe2 Rd8 30. Rd1 Bf4 31. Bf2 ({White should play} 31. Qf1 $15) 31... Qd7 $17 32. Qc4 Qd6 33. Re1 e5 34. Rd1 $2 (34. dxe5 $17 Bxe5 35. Be3) 34... Qd5 $19 35. Qxd5 Rxd5 36. b4 (36. Bg3 $142) 36... b6 $19 37. Kg1 Kc8 38. Kf1 c5 (38... Bxh2 39. Ke2 $19) 39. bxc5 bxc5 (39... Bxh2 40. cxb6 Bf4 41. Kg1 $17) 40. Ke2 exd4 41. Kd3 Re5 42. Rb1 Kc7 (42... Bxh2 43. Rh1 Bf4 44. Rxh3 $19) 43. Rb2 Kc6 ({Weaker is} 43... Bxh2 44. Bxd4 cxd4 45. Rxh2 $17) 44. Kc4 Re7 (44... Bxh2 45. Bxd4 Bf4 (45... cxd4 46. Rxh2 Ra5 47. Kxd4 $11) 46. Bxe5 Bxe5 47. Rb1 $19) 45. Kd3 Kd5 46. Rc2 Rb7 47. Bg3 Bxg3 48. hxg3 Re7 49. Rf2 Re3+ 50. Kd2 c4 51. f4 Rxg3 52. f5 Rg2 0-1

[Event "SixDays Budapest GM-A January 2024"]
[Site "Budapest"]
[Date "2024.01.30"]
[Round "6.1"]
[White "Can, Isik"]
[Black "Sedlak, Nikola"]
[Result "1-0"]
[ECO "B60"]
[WhiteElo "2500"]
[BlackElo "2463"]
[Annotator "TA"]
[PlyCount "53"]
[EventDate "2024.01.26"]
[EventType "tourn"]
[EventCountry "HUN"]
[SourceTitle "playchess.com"]
[Source "ChessBase"]
[SourceQuality "1"]
[TimeControl "5400+30"]

1. e4 c5 2. Nf3 d6 3. d4 cxd4 4. Nxd4 Nf6 5. Nc3 Nc6 6. Bg5 Bd7 7. Nxc6 bxc6 8. Bc4 Qa5 9. Qd2 {[%emt 0:12:00] White has an edge.} Qb4 10. b3 h6 11. a3 Qa5 12. Bxf6 gxf6 13. O-O h5 14. b4 Qc7 15. Rab1 Bh6 16. Qd3 Kf8 17. Ne2 {[%emt 0:06:50] White is more active.} Rd8 18. Rfd1 Rg8 19. b5 cxb5 20. Bxb5 Bg4 21. h3 Bxe2 22. Qxe2 Rg5 23. Rd5 h4 24. Bc4 Rc8 25. Rxg5 Bxg5 $4 {[%emt 0:02:56][%mdl 8192] [#] Black is weak on the light squares} (25... fxg5 $11 {and Black is okay.} 26. Qh5 Qxc4 27. Qxh6+ Ke8) 26. Qh5 $1 $18 e6 {[%emt 0:00:38][%cal Of8e7] [#]} 27. Bxe6 $1 {[%emt 0:01:29][%mdl 512] Weighted Error Value: White=0.07 (flawless) /Black=0.36.  Loses game:     	---       	Black=1      Inaccurate:     	White=2     	Black=1      OK:         	White=8     	Black=8      Best:        	White=1     	---        Strong:       	White=1     	---} 1-0

[Event "SixDays Budapest GM-A January 2024"]
[Site "Budapest"]
[Date "2024.01.30"]
[Round "6.2"]
[White "Pham Tran Gia Phuc"]
[Black "Nagy, Gabor"]
[Result "1/2-1/2"]
[ECO "C49"]
[WhiteElo "2416"]
[BlackElo "2450"]
[Annotator "TA"]
[PlyCount "41"]
[EventDate "2024.01.26"]
[EventType "tourn"]
[EventCountry "HUN"]
[SourceTitle "playchess.com"]
[Source "ChessBase"]
[SourceQuality "1"]
[TimeControl "5400+30"]

1. e4 e5 2. Nf3 Nc6 3. Nc3 Nf6 4. Bb5 Bb4 5. O-O O-O 6. d3 d6 7. Ne2 Ne7 8. c3 Ba5 9. Ng3 c6 10. Ba4 Ng6 11. d4 Re8 12. Bc2 h6 13. h3 Be6 14. Re1 Qc7 15. a4 {[%emt 0:05:56] [#] b4 is the strong threat.} Bb6 16. Be3 Rad8 17. Qc1 {[%emt 0:00:11][%cal Oa4a5] Black must now prevent a5!} a5 18. b3 Bc8 19. Rb1 Ba7 20. Qa3 (20. Rd1 $14) 20... d5 {[%emt 0:11:13] [#] aiming for ...dxe4.} 21. dxe5 {[%emt 0:15:27] Weighted Error Value: White=0.10 (very precise) /Black=0.09 (flawless) .  Mistake:       	White=1     	---        Inaccurate:     	---       	Black=2      OK:         	White=2     	Black=3      Best:        	White=1     	---} 1/2-1/2